 Dungeon Crawl Stone Soup version 0.24-a0-779-g36f0aeb843 (webtiles) character file.

Game seed: 2670665633014247561, levelgen mode: deterministic

302295 Torious2 the Devastator (level 20, -18/112 HPs)
             Began as a Deep Elf Conjurer on Oct 6, 2019.
             Was a High Priest of Sif Muna.
             Killed from afar by a fire giant (64 damage)
             ... with a fireball
             ... on level 3 of the Vaults on Oct 8, 2019.
             The game lasted 06:01:47 (32446 turns).

Torious2 the Devastator (Deep Elf Conjurer)        Turns: 32446, Time: 06:01:48

Health: -18/112    AC:  8    Str:  9    XL:     20   Next: 21%
Magic:  10/42      EV: 22    Int: 30    God:    Sif Muna [*****.]
Gold:   2150       SH:  5    Dex: 14    Spells: 2/51 levels left

rFire    . . .     SeeInvis +   c - staff of cold {!a}
rCold    + + .     Gourm    +   J - +0 buckler
rNeg     . . .     Faith    .   j - +0 robe {rC+}
rPois    +         Spirit   .   Q - +2 hat "Soreg" {rPois Dex+2 SInv}
rElec    .         Reflect  .   s - +0 cloak
rCorr    .         Harm     .   a - +1 pair of gloves
MR       ++...                  N - +0 pair of boots
Stlth    +++.......             T - amulet of the gourmand
HPRegen  1.28/turn              I - +4 ring of evasion
MPRegen  0.28/turn              U - ring "Peacuj Ytadd" {Wiz +Blink Str+4 Dex-3 SInv}

@: marked, regenerating, deflect missiles
A: no striking features
}: 2/15 runes: barnacled, gossamer
a: Channel Magic, Forget Spell, Divine Exegesis, Renounce Religion, Evoke Blink


You were on level 3 of the Vaults.
You worshipped Sif Muna.
Sif Muna was extremely pleased with you.
You were very full.

You visited 7 branches of the dungeon, and saw 36 of its levels.
You also visited: Gauntlet and Ice Cave.

You collected 4486 gold pieces.
You spent 2336 gold pieces at shops.

Inventory:

Hand Weapons
 z - the +5 dagger of the Valley of Death {drain, Dex+4}
   (You found it on level 2 of the Spider Nest)

   A truly terrible weapon, it drains the life of those it strikes.
   It affects your dexterity (+4).
 S - the +5 whip "Jurr" {holy, rElec}
   (You found it on level 4 of the Shoals)

   It has been blessed by the Shining One to cause great damage to the undead
   and demons.
   It insulates you from electricity.
Armour
 a - a +1 pair of gloves (worn)
 j - a +0 robe of cold resistance (worn)
 l - a +0 robe of magic resistance
 s - a +0 cloak (worn)
 J - a +0 buckler (worn)
 N - a +0 pair of boots (worn)
 Q - the +2 hat "Soreg" (worn) {rPois Dex+2 SInv}
   (You found it on level 9 of the Dungeon)

   It affects your dexterity (+2).
   It protects you from poison.
   It lets you see invisible.
Magical Staves
 c - an uncursed staff of cold (weapon) {!a}
 f - an uncursed staff of fire {!a}
 Y - an uncursed staff of death
Jewellery
 i - an uncursed ring of stealth
 p - an uncursed ring of flight
 F - a +4 ring of intelligence
 I - a +4 ring of evasion (left hand)
 T - an amulet of the gourmand (around neck)
 U - the ring "Peacuj Ytadd" (right hand) {Wiz +Blink Str+4 Dex-3 SInv}
   (You found it in an ice cave)

   [ring of wizardry]

   It improves your spell success rate.
   It affects your strength (+4).
   It affects your dexterity (-3).
   It lets you see invisible.
   It lets you blink.
Wands
 b - a wand of iceblast (37)
 g - a wand of scattershot (4)
 A - a wand of disintegration (13)
 G - a wand of digging (10)
 W - a wand of acid (17)
Scrolls
 e - 2 scrolls of fear
 h - 2 scrolls of enchant armour
 k - 16 scrolls of remove curse
 m - 10 scrolls of amnesia
 y - a scroll of torment
 C - 8 scrolls of teleportation
 D - 4 scrolls of blinking
 X - 3 scrolls of fog
Potions
 d - 4 potions of ambrosia
 n - 6 potions of curing
 q - 2 potions of resistance
 r - a potion of invisibility
 t - 7 potions of heal wounds
 u - 4 potions of agility
 v - 3 potions of cancellation
 w - 4 potions of haste
 x - 2 potions of brilliance
 B - 6 potions of flight
 R - a potion of magic {unknown}
Comestibles
 o - 6 chunks of flesh
 E - 61 rations


   Skills:
 - Level 8.0 Fighting
 - Level 9.1 Dodging
 - Level 6.0 Stealth
 - Level 4.0 Shields
 - Level 16.0 Spellcasting
 * Level 20.4 Conjurations
 - Level 8.0 Charms
 - Level 10.0 Necromancy
 - Level 1.5 Translocations
 + Level 19.7 Fire Magic
 + Level 8.6 Ice Magic
 - Level 5.0 Air Magic
 - Level 10.0 Invocations


You had 2 spell levels left.
You knew the following spells:

 Your Spells              Type           Power        Failure   Level  Hunger
a - Magic Dart            Conj           ####         0%          1    None
b - Fire Storm            Conj/Fire      #######...   21%         9    #######
c - Force Lance           Conj/Tloc      ######..     1%          4    None
d - Iskenderun's Mystic   Conj           #######.     0%          4    None
f - Freezing Cloud        Conj/Ice/Air   #######...   1%          6    ###....
h - Iskenderun's Battles  Conj/Chrm      #######.     1%          5    None
i - Orb of Destruction    Conj           #######...   1%          7    #####..
k - Deflect Missiles      Chrm/Air       ######....   9%          6    ###....
o - Blink                 Tloc           N/A          1%          2    None
q - Sublimation of Blood  Necr           ######....   1%          2    None
r - Regeneration          Chrm/Necr      ######....   1%          3    None

Your spell library contained the following spells:

 Spells                   Type           Power        Failure   Level  Hunger
 Flame Tongue             Conj/Fire      #####        0%          1    None
 Shock                    Conj/Air       ####         0%          1    None
 Searing Ray              Conj           ######       0%          2    None
 Throw Flame              Conj/Fire      ######       0%          2    None
 Throw Frost              Conj/Ice       ######       0%          2    None
 Animate Skeleton         Necr           N/A          1%          1    None
 Apportation              Tloc           ####..       1%          1    None
 Beastly Appendage        Tmut           ###...       1%          1    None
 Confusing Touch          Hex            ###...       1%          1    None
 Corona                   Hex            ###....      1%          1    None
 Pain                     Necr           ####         1%          1    None
 Sandblast                Erth           ###...       1%          1    None
 Sting                    Conj/Pois      ####         1%          1    None
 Summon Small Mammal      Summ           ###.         1%          1    None
 Call Imp                 Summ           ###.....     1%          2    None
 Corpse Rot               Necr           N/A          1%          2    None
 Ensorcelled Hibernation  Hex/Ice        ######       1%          2    None
 Passwall                 Tmut/Erth      ###.....     1%          2    None
 Poisonous Vapours        Pois/Air       #####.       1%          2    None
 Shroud of Golubria       Chrm/Tloc      ######       1%          2    None
 Slow                     Hex            ###.....     1%          2    None
 Song of Slaying          Chrm           ######..     1%          2    None
 Sticks to Snakes         Tmut           ###.....     1%          2    None
 Swiftness                Chrm/Air       ######..     1%          2    None
 Conjure Flame            Conj/Fire      #######.     0%          3    None
 Sticky Flame             Conj/Fire      #######.     0%          4    None
 Fireball                 Conj/Fire      #######...   0%          5    None
 Dazzling Spray           Conj/Hex       ######       1%          3    None
 Gell's Gravitas          Tloc           ####......   1%          3    None
 Ignite Poison            Fire/Tmut/Pois ######..     1%          3    None
 Inner Flame              Hex/Fire       ######..     1%          3    None
 Mephitic Cloud           Conj/Pois/Air  ######..     1%          3    None
 Ozocubu's Armour         Chrm/Ice       #######.     1%          3    None
 Spectral Weapon          Hex/Chrm       #####...     1%          3    None
 Static Discharge         Conj/Air       #######.     1%          3    None
 Stone Arrow              Conj/Erth      ######       1%          3    None
 Vampiric Draining        Necr           ######....   1%          3    None
 Airstrike                Air            ######....   1%          4    None
 Animate Dead             Necr           N/A          1%          4    None
 Fulminant Prism          Conj/Hex       ######....   1%          4    None
 Ice Form                 Ice/Tmut       ######..     1%          4    None
 Summon Ice Beast         Ice/Summ       ######..     1%          4    None
 Throw Icicle             Conj/Ice       ########     1%          4    None
 Agony                    Necr           ######..     1%          5    None
 Bolt of Draining         Conj/Necr      #######...   1%          5    None
 Bolt of Magma            Conj/Fire/Erth #######...   1%          5    None
 Dispel Undead            Necr           ######..     1%          5    None
 Excruciating Wounds      Chrm/Necr      ######....   1%          5    None
 Irradiate                Conj/Tmut      ######....   1%          5    None
 Lightning Bolt           Conj/Air       #######...   1%          5    None
 Venom Bolt               Conj/Pois      ######....   1%          5    None
 Bolt of Cold             Conj/Ice       ########..   1%          6    ###....
 Bolt of Fire             Conj/Fire      #######...   1%          6    ###....
 Conjure Ball Lightning   Conj/Air       #######...   1%          6    ###....
 Death Channel            Necr           ######....   1%          6    ###....
 Iron Shot                Conj/Erth      ######....   1%          6    ###....
 Call Canine Familiar     Summ           ###.....     2%          3    None
 Confuse                  Hex            ###.....     2%          3    None
 Spider Form              Tmut/Pois      ###.......   2%          3    None
 Summon Guardian Golem    Hex/Summ       ###.....     2%          3    None
 Tukima's Dance           Hex            ###.....     2%          3    None
 Summon Lightning Spire   Summ/Air       #####...     2%          4    None
 Borgnjor's Vile Clutch   Necr/Erth      ######....   2%          5    None
 Simulacrum               Ice/Necr       #######...   2%          6    ###....
 Ring of Flames           Chrm/Fire      #######...   2%          7    #####..
 Metabolic Englaciation   Hex/Ice        ######....   3%          5    None
 Ozocubu's Refrigeration  Ice            #######...   3%          6    ###....
 Cause Fear               Hex            ###.......   8%          4    None
 Olgreb's Toxic Radiance  Pois           ###.....     8%          4    None
 Petrify                  Tmut/Erth      ###.....     8%          4    None
 Silence                  Hex/Air        #####.....   8%          5    None
 Spellforged Servitor     Conj/Summ      ######....   10%         7    #####..
 Alistair's Intoxication  Tmut/Pois      ###.....     21%         5    None
 Blade Hands              Tmut           ###.......   21%         5    None
 Lee's Rapid Deconstruct  Erth           ###.......   21%         5    None
 Summon Mana Viper        Hex/Summ       ###.....     21%         5    None
 Yara's Violent Unravell  Hex/Tmut       ###.......   21%         5    None
 Chain Lightning          Conj/Air       #######...   26%         8    ######.
 Lehudib's Crystal Spear  Conj/Erth      ######....   56%         8    ######.
 Haunt                    Necr/Summ      ######....   58%         7    #####..
 Borgnjor's Revivificati  Necr           ######....   58%         8    ######.
 Darkness                 Hex            ###.......   71%         6    ###....
 Statue Form              Tmut/Erth      ###......    71%         6    ###....
 Death's Door             Chrm/Necr      ######....   73%         8    ######.
 Glaciate                 Conj/Ice       ########..   86%         9    #######
 Necromutation            Tmut/Necr      ######....   99%         8    ######.
 Discord                  Hex            ###.......   100%        8    ######.
 Disjunction              Tloc           ####......   100%        8    ######.
 Shatter                  Erth           ###.......   100%        9    #######


Dungeon Overview and Level Annotations

Branches:
Dungeon (15/15)            Temple (1/1) D:7            Lair (6/6) D:10
 Shoals (4/4) Lair:4       Spider (4/4) Lair:3        Slime (0/5) Lair:5
    Orc (2/2) D:9             Elf (0/3) Orc:2        Vaults (4/5) D:13
  Crypt (0/3) Vaults:2     Depths (0/5) D:15          IceCv (visited)
Gauntlet (visited)

Altars:
Ashenzari
Cheibriados
Dithmenos
Elyvilon
Gozag
Hepliaklqana
Makhleb
Nemelex Xobeh
Okawaru
Qazlal
Sif Muna
Trog
Uskayaw
Vehumet
Wu Jian
Xom
Yredelemnul
Zin
The Shining One
Beogh
Jiyva

Shops:
D:4 *   D:6 %   D:7 (:   Orc:1 }=   Orc:2 [?[:   Vaults:2 [=*?(

Annotations:
D:4 Grinder
D:12 exclusion: obsidian statue
Lair:2 stuff


Message History

Sif Muna accepts your kill.
Your battlesphere fires!
The barrage of energy hits the frost giant!
The frost giant is lightly wounded.
The fire giant is engulfed in freezing vapours.
The fire giant casts a spell at you.
The fireball explodes!
The fireball engulfs you!
You hear a sizzling sound! x2
The frost giant is engulfed in freezing vapours.
As you read the scroll of fear, it crumbles to dust.
You assume a fearsome visage.
Your battlesphere is unaffected.
The frost giant easily resists.
The fire giant resists with some effort.
The orc knight looks frightened!
The fire giant is engulfed in freezing vapours.
The fire giant points at you and mumbles some strange words.
The fireball explodes!
The fireball engulfs you!!!
Ouch! That really hurt!
You die...

#.○.# .. #...# .#
#############'# ##
#....'........#....
#....#........'....#
#....##########....#
#....#........#....#
#..*.#).......# ...#
#...)@).......+ ...#
#...)'...[....+ ..#
#..CC#........#
#.§§§#........#
#..§§##########
#.§..#.(*.....+
#..o.'.§......#
######'######## #..#


You could see a frost giant, a fire giant, an orc knight (fleeing) and a
friendly battlesphere.

Vanquished Creatures
  Rupert (Lair:3)
  A sphinx (Vaults:3)
  Polyphemus (Shoals:4)
  Agnes (D:15)
  Kirke (D:12)
  A tengu reaver (Vaults:1)
  Ilsuiw (Shoals:4)
  A fire giant (Vaults:3)
  An orc warlord (Orc:2)
  2 ghost moths (Spider:4)
  5 vault wardens
  Louise (D:14)
  7 emperor scorpions
  7 ironheart preservers
  A war gargoyle (Vaults:3)
  2 entropy weavers
  A vampire knight (Vaults:2)
  4 deep elf demonologists
  Azrael (Spider:3)
  2 deep elf annihilators (Vaults:3)
  6 merfolk javelineers
  9 merfolk impalers (Shoals:4)
  7 fire dragons
  3 rakshasas
  3 vault guards (Vaults:1)
  3 yaktaur captains
  7 hydras
  6 ice dragons
  7 centaur warriors
  4 merfolk avatars
  4 merfolk aquamancers
  2 catoblepae
  2 alligator snapping turtles (Shoals:4)
  8 death scarabs (Spider:4)
  A death knight (D:11)
  6 ogre magi
  3 satyrs
  2 death yaks (Shoals:4)
  18 two-headed ogres
  An orc high priest (Orc:1)
  A deep troll earth mage (Vaults:1)
  4 tengu warriors
  A deep troll shaman (Vaults:1)
  Urug (D:11)
  3 deep elf knights
  Sonja (Lair:3)
  A death drake (shapeshifter) (Vaults:3)
  3 skeletal warriors (D:15)
  A sea snake (shapeshifter) (Vaults:3)
  A fire crab (Lair:6)
  8 sea snakes
  4 glowing orange brains
  2 unseen horrors (D:15)
  3 wizards
  3 deep trolls (Vaults:1)
  14 orc knights
  A spectral wolf spider (Spider:4)
  2 deep elf archers
  A kraken simulacrum (Shoals:4)
  10 ironbrand convokers
  7 harpies (Shoals:4)
  A harpy (shapeshifter) (Vaults:1)
  14 orb spiders
  A lindwurm (Lair:6)
  A necromancer (D:15)
  3 wolf spider zombies
  19 wolf spiders
  2 orc sorcerers
  6 fauns
  14 ugly things
  4 oklob plants (Lair:5)
  15 slime creatures
  A manticore (shapeshifter) (Vaults:3)
  8 manticores
  14 deep elf magi
  8 cyclopes
  2 moths of wrath (Spider:4)
  A salamander (shapeshifter) (Vaults:2)
  3 black mambas
  11 merfolk sirens
  8 elephants
  2 molten gargoyles (Lair:6)
  11 water nymphs
  8 vault sentinels
  A guardian serpent (shapeshifter) (D:14)
  11 spiny frogs
  2 ice statues (IceCv)
  A torpor snail (Spider:4)
  A rime drake (shapeshifter) (Vaults:3)
  7 yaktaurs
  3 rime drakes
  4 freezing wraiths
  6 spectral redbacks (Spider:4)
  14 komodo dragons
  9 demonic crawlers
  38 jumping spiders
  2 tengu conjurers
  30 merfolk
  5 wind drakes
  4 trolls
  9 hornets
  A blink frog (shapeshifter) (Vaults:2)
  3 spectral tarantellas (Spider:4)
  8 snapping turtles
  3 spectral jumping spiders (Spider:4)
  2 polar bears
  3 jumping spider zombies (Spider:4)
  10 blink frogs
  3 tarantella zombies (Spider:4)
  3 dream sheep (Shoals:2)
  7 hippogriffs
  4 shadows
  2 tarantellas (shapeshifter)
  43 redbacks
  A spriggan (shapeshifter) (Vaults:3)
  9 water elementals
  34 tarantellas
  Grum (D:9)
  6 vampires
  5 wraiths
  57 yaks
  A hungry ghost (D:14)
  Eustachio (D:4)
  5 basilisks
  11 wyverns
  3 hogs (D:12)
  2 humans (D:12)
  2 steam dragons (Lair:6)
  3 vampire mosquitoes (D:15)
  Menkaure (D:7)
  12 wargs
  2 acid dragons
  Duvessa (D:6)
  14 water moccasins
  7 hell hounds
  10 porcupines
  17 ice beasts
  2 spectral hornets (Spider:4)
  3 black bears
  A hornet zombie (Spider:4)
  35 orc warriors
  4 phantoms
  2 necrophages
  3 sky beasts
  9 boggarts
  An ettin simulacrum (Vaults:1)
  9 wolves
  12 centaurs
  40 ogres
  3 big kobolds
  14 crocodiles
  17 bullfrogs
  A wyvern zombie (D:13)
  3 gnoll sergeants (D:7)
  A glowing shapeshifter simulacrum (Vaults:2)
  Dowan (D:6)
  2 hornet simulacra
  A water moccasin skeleton (D:10)
  7 scorpions
  8 killer bees
  10 wights
  4 electric eels
  5 howler monkeys
  9 crimson imps
  6 lava snakes
  4 bullfrog zombies
  7 centaur zombies
  11 hounds
  2 quasits
  2 jellies
  Crazy Yiuf (D:3)
  12 orc priests
  2 bullfrog skeletons
  An iron imp (D:9)
  19 orc wizards
  Ijyb (D:4)
  5 worker ants
  An iguana (D:5)
  9 hell rats
  2 yak simulacra (D:15)
  5 polar bear simulacra (D:15)
  2 wolf simulacra (D:15)
  A killer bee zombie (D:9)
  A bullfrog simulacrum (D:11)
  A hound skeleton (D:11)
  15 adders
  18 gnolls
  A howler monkey skeleton (D:4)
  7 river rats (Lair:1)
  5 shadow imps
  An adder zombie (D:5)
  2 adder skeletons
  6 worms
  6 leopard geckos
  105 orcs
  6 giant cockroaches
  11 goblins
  8 hobgoblins
  8 jackals
  3 quokkas
  2 ball pythons (D:2)
  6 bats
  4 frilled lizards
  19 kobolds
  8 rats
  2 river rat simulacra (D:15)
  A fungus (Lair:4)
  11 plants
1374 creatures vanquished.

Vanquished Creatures (others)
  An ironheart preserver (Vaults:2)
  A wolf spider (Spider:3)
  A jumping spider (Spider:3)
  A human (D:12)
  A swamp drake (D:9)
  A howler monkey (D:12)
  A jelly (D:11)
  An orc wizard (D:12)
  A white imp (D:9)
  6 orcs
  14 demonic plants (Gauntlet)
  6 fire vortices (Vaults:2)
  38 fulminant prisms
  5 fungi
  2 plants
  4 tentacles (Shoals:4)
84 creatures vanquished.

Grand Total: 1458 creatures vanquished

Notes
Turn   | Place    | Note
-------+----------+-------------------------------------------
     0 | D:1      | Torious2 the Deep Elf Conjurer began the quest for the Orb.
     0 | D:1      | Reached XP level 1. HP: 10/10 MP: 6/6
   223 | D:1      | Reached XP level 2. HP: 15/15 MP: 5/8
   233 | D:1      | Learned a level 2 spell: Searing Ray
   373 | D:1      | Reached skill level 5 in Conjurations
   883 | D:2      | Reached XP level 3. HP: 19/19 MP: 8/10
  1262 | D:2      | Found an iron altar of Okawaru.
  1526 | D:3      | Reached XP level 4. HP: 24/24 MP: 4/12
  1534 | D:3      | Learned a level 4 spell: Force Lance
  1636 | D:3      | Noticed a centaur
  2078 | D:3      | Noticed a centaur
  2088 | D:3      | Killed a centaur
  2088 | D:3      | Reached skill level 5 in Dodging
  2088 | D:3      | Reached XP level 5. HP: 28/28 MP: 13/13
  2104 | D:3      | Killed a centaur
  2104 | D:3      | Reached XP level 6. HP: 30/32 MP: 14/14
  2255 | D:3      | Found a runed translucent door.
  2288 | D:4      | Noticed Grinder
  2393 | D:4      | Noticed Eustachio
  2471 | D:4      | Reached skill level 1 in Translocations
  2482 | D:4      | Reached skill level 6 in Conjurations
  2494 | D:4      | Found Ojuusic's Assorted Antiques.
  2503 | D:4      | Learned a level 4 spell: Fulminant Prism
  2677 | D:4      | Found a burning altar of Makhleb.
  2795 | D:5      | Entered Level 5 of the Dungeon
  2834 | D:5      | Reached skill level 1 in Fighting
  2834 | D:5      | Reached XP level 7. HP: 38/38 MP: 9/15
  2918 | D:5      | Found a glowing golden altar of the Shining One.
  3166 | D:5      | Found a shimmering altar of Xom.
  3316 | D:5      | Found a sparkling altar of Nemelex Xobeh.
  3317 | D:5      | Found a hazy altar of Hepliaklqana.
  3353 | D:5      | Found a hide-covered altar of Uskayaw.
  3365 | D:5      | Reached skill level 5 in Spellcasting
  3720 | D:5      | Reached skill level 7 in Conjurations
  3890 | D:4      | Noticed Ijyb
  3895 | D:4      | Killed Ijyb
  3918 | D:4      | Reached XP level 8. HP: 44/44 MP: 5/18
  4148 | D:4      | Found a burning altar of Makhleb.
  4381 | D:3      | Noticed Crazy Yiuf
  4425 | D:3      | Killed Crazy Yiuf
  4563 | D:4      | Killed Eustachio
  4563 | D:4      | Reached skill level 8 in Conjurations
  4707 | D:6      | Found Fumedawu's Food Shoppe.
  4759 | D:6      | Noticed Dowan
  4769 | D:6      | Noticed Duvessa
  4895 | D:6      | Found a basalt altar of Yredelemnul.
  4979 | D:6      | Killed Duvessa
  4979 | D:6      | Reached skill level 9 in Conjurations
  5013 | D:5      | Reached XP level 9. HP: 50/51 MP: 1/20
  5139 | D:6      | Killed Dowan
  5339 | D:6      | Found a white marble altar of Elyvilon.
  5406 | D:6      | Learned a level 4 spell: Iskenderun's Mystic Blast
  5531 | D:7      | Found a staircase to the Ecumenical Temple.
  5542 | Temple   | Entered the Ecumenical Temple
  5549 | Temple   | Became a worshipper of Sif Muna the Loreminder
  5615 | D:7      | Reached skill level 10 in Conjurations
  5737 | D:7      | Reached skill level 1 in Shields
  5997 | D:7      | Reached * piety under Sif Muna
  6054 | D:7      | Found Utegegu's Antique Weapon Boutique.
  6094 | D:7      | Noticed Menkaure
  6100 | D:7      | Killed Menkaure
  6118 | D:7      | Found Vudotaal's Book Emporium.
  6369 | D:8      | Reached skill level 11 in Conjurations
  6389 | D:8      | Reached XP level 10. HP: 56/56 MP: 4/23
  6516 | D:8      | Noticed a two-headed ogre
  6523 | D:8      | Killed a two-headed ogre
  6559 | D:8      | Noticed a two-headed ogre
  6828 | D:8      | Learned a level 3 spell: Conjure Flame
  6833 | D:8      | Learned a level 4 spell: Sticky Flame
  6903 | D:8      | Noticed a two-headed ogre
  6912 | D:8      | Killed a two-headed ogre
  6912 | D:8      | Reached skill level 1 in Fire Magic
  6912 | D:8      | Reached skill level 1 in Invocations
  6985 | D:8      | Killed a two-headed ogre
  7294 | D:9      | Reached ** piety under Sif Muna
  7308 | D:9      | Found a radiant altar of Vehumet.
  7336 | D:9      | Found a staircase to the Orcish Mines.
  7435 | D:9      | Noticed Grum
  7442 | D:9      | Reached skill level 12 in Conjurations
  7453 | D:9      | Killed Grum
  7600 | D:9      | Reached XP level 11. HP: 21/61 MP: 4/26
  7725 | D:9      | Noticed a two-headed ogre
  7920 | D:9      | Killed a two-headed ogre
  7934 | D:9      | Noticed a deep elf mage
  7937 | D:10     | Entered Level 10 of the Dungeon
  8192 | D:9      | Noticed a deep elf mage
  8206 | D:9      | Killed a deep elf mage
  8206 | D:9      | Reached *** piety under Sif Muna
  8256 | D:9      | Learned a level 5 spell: Fireball
  8257 | D:9      | Got a transparent hat
  8279 | D:9      | Identified the +2 hat "Soreg" {rPois Dex+2 SInv} (You found
                  | it on level 9 of the Dungeon)
  8286 | D:9      | Killed a deep elf mage
  8296 | D:9      | Learned a level 2 spell: Blink
  8754 | D:10     | Found a staircase to the Lair.
  8765 | D:10     | Reached skill level 10 in Spellcasting
  8807 | D:10     | Reached skill level 5 in Invocations
  8840 | D:10     | Noticed a two-headed ogre
  8858 | D:10     | Reached skill level 5 in Fire Magic
  8894 | D:10     | Killed a two-headed ogre
  9350 | D:11     | Noticed Urug
  9535 | Lair:1   | Entered Level 1 of the Lair of Beasts
  9564 | Lair:1   | Found a gate leading to a gauntlet.
  9588 | Lair:1   | Reached **** piety under Sif Muna
  9637 | Gauntlet | Entered a Gauntlet
  9637 | Gauntlet | Found a transporter.
  9637 | Gauntlet | Found a transporter.
  9647 | Gauntlet | Found a transporter.
  9649 | Gauntlet | Found a large runed translucent door.
  9650 | Gauntlet | Found a large runed translucent door.
  9651 | Gauntlet | Found a large runed translucent door.
  9651 | Gauntlet | Found a large runed translucent door.
  9651 | Gauntlet | Found a runed translucent door.
  9651 | Gauntlet | Found a runed translucent door.
  9652 | Gauntlet | Found a large runed translucent door.
  9652 | Gauntlet | Found a large runed translucent door.
  9652 | Gauntlet | Found a large runed translucent door.
  9652 | Gauntlet | Found a large runed translucent door.
  9653 | Gauntlet | Found a large runed translucent door.
  9654 | Gauntlet | Found a large runed translucent door.
  9654 | Gauntlet | Found a transporter.
  9659 | Gauntlet | Found a large runed translucent door.
  9659 | Gauntlet | Found a large runed translucent door.
  9660 | Gauntlet | Found a large runed translucent door.
  9660 | Gauntlet | Found a large runed translucent door.
  9661 | Gauntlet | Found a runed translucent gate.
  9661 | Gauntlet | Found a runed translucent gate.
  9661 | Gauntlet | Found a runed translucent gate.
  9663 | Gauntlet | Found a transporter.
  9666 | Gauntlet | Noticed a sixfirhy
  9666 | Gauntlet | Found a transporter.
  9666 | Gauntlet | Found a transporter.
  9672 | Gauntlet | Noticed a cacodemon
  9673 | Gauntlet | Found a transporter.
  9673 | Gauntlet | Found a transporter.
  9707 | Gauntlet | Found a transporter.
  9736 | Gauntlet | Found a transporter.
  9774 | Gauntlet | Found a transporter.
  9794 | Gauntlet | Found a transporter.
  9795 | Gauntlet | Noticed a catoblepas
  9801 | Gauntlet | Found a transporter.
  9803 | Gauntlet | Found a large runed translucent door.
  9804 | Gauntlet | Found a large runed translucent door.
  9995 | Gauntlet | Noticed a minotaur
 10174 | Lair:2   | Found a frozen archway.
 10184 | IceCv    | Entered an ice cave
 10189 | IceCv    | Reached skill level 13 in Conjurations
 10496 | IceCv    | Reached XP level 12. HP: 52/66 MP: 12/28
 10569 | IceCv    | Noticed an ice dragon
 10602 | IceCv    | Noticed an ice dragon
 10605 | IceCv    | Killed an ice dragon
 10605 | IceCv    | Killed an ice dragon
 10659 | IceCv    | Got a translucent brass ring
 10669 | IceCv    | Identified the ring "Peacuj Ytadd" {Wiz +Blink Str+4 Dex-3
                  | SInv} (You found it in an ice cave)
 11474 | Lair:3   | Noticed a catoblepas
 11475 | Lair:3   | Noticed Sonja
 11482 | Lair:2   | Reached ***** piety under Sif Muna
 11584 | Lair:2   | Identified Wagazut's Volume of the Ashen Snowflakes (Sif
                  | Muna gifted it to you on level 2 of the Lair of Beasts)
 11584 | Lair:2   | Received a gift from Sif Muna
 11584 | Lair:2   | Reached skill level 14 in Conjurations
 11839 | Lair:3   | Noticed Rupert
 11900 | Lair:3   | Learned a level 6 spell: Freezing Cloud
 11962 | Lair:3   | Reached skill level 1 in Ice Magic
 12068 | Lair:5   | Reached skill level 1 in Air Magic
 12209 | Lair:3   | Killed Sonja
 12209 | Lair:3   | Reached skill level 5 in Fighting
 12242 | Lair:3   | Found a hole to the Spider Nest.
 12627 | D:4      | Bought a scroll of magic mapping for 63 gold pieces
 12627 | D:4      | Bought a wide leatherbound book for 270 gold pieces
 12627 | D:4      | Bought a potion of heal wounds for 90 gold pieces
 12627 | D:4      | Bought a scroll of magic mapping for 63 gold pieces
 12627 | D:4      | Bought a potion of heal wounds for 90 gold pieces
 12713 | D:7      | Bought a book of Necromancy for 420 gold pieces
 12718 | D:7      | Learned a level 3 spell: Regeneration
 12806 | Orc:1    | Entered Level 1 of the Orcish Mines
 12956 | Orc:2    | Entered Level 2 of the Orcish Mines
 12956 | Orc:2    | Found a roughly hewn altar of Beogh.
 13074 | D:7      | Bought a book of Power for 630 gold pieces
 13081 | D:7      | Learned a level 5 spell: Iskenderun's Battlesphere
 13296 | Orc:1    | Found Faen's Gadget Shop.
 13296 | Orc:1    | Noticed an orc high priest
 13317 | Orc:2    | Found an iron altar of Okawaru.
 13318 | Orc:2    | Reached skill level 1 in Charms
 13379 | Orc:2    | Noticed an orc warlord
 13417 | Orc:2    | Reached XP level 13. HP: 72/72 MP: 8/31
 13422 | Orc:2    | Killed an orc warlord
 13488 | Orc:2    | Found a staircase to the Elven Halls.
 13621 | Orc:1    | Found Fung's Jewellery Shoppe.
 13627 | Orc:1    | Noticed an orc warlord
 13628 | Orc:1    | Reached skill level 5 in Ice Magic
 14001 | Orc:2    | Received a gift from Sif Muna
 14159 | Orc:2    | Found Wohuqunn's Antique Armour Boutique.
 14159 | Orc:2    | Found Cygeluiv's Magic Scroll Emporium.
 14197 | Orc:2    | Found a roughly hewn altar of Beogh.
 14487 | Orc:2    | Found Ivukyqorch's Book Emporium.
 14487 | Orc:2    | Found Ubreimips's Antique Armour Boutique.
 14511 | Orc:2    | Bought a runed scarf for 288 gold pieces
 14511 | Orc:2    | Bought a runed helmet for 270 gold pieces
 14682 | Orc:2    | Bought a scroll of blinking for 120 gold pieces
 14682 | Orc:2    | Bought a scroll of identify for 32 gold pieces
 14934 | Lair:4   | Reached skill level 5 in Charms
 15408 | Lair:4   | Learned a level 2 spell: Sublimation of Blood
 15468 | Lair:4   | Reached skill level 5 in Air Magic
 15545 | Lair:4   | Reached skill level 1 in Necromancy
 15559 | Lair:4   | Found a staircase to the Shoals.
 15981 | Lair:5   | Identified Sif Muna's Incunabulum of Blows and Bruises and
                  | the Glacier (Sif Muna gifted it to you on level 5 of the
                  | Lair of Beasts)
 15981 | Lair:5   | Received a gift from Sif Muna
 16088 | Lair:5   | Reached XP level 14. HP: 80/80 MP: 14/32
 16132 | Lair:5   | Got a steaming jade ring
 16134 | Lair:5   | Identified the ring of Neur {rC+ Stlth-} (You found it on
                  | level 5 of the Lair of Beasts)
 16203 | Lair:5   | Found a viscous altar of Jiyva.
 16203 | Lair:5   | Found a staircase to the Slime Pits.
 16308 | Lair:6   | Entered Level 6 of the Lair of Beasts
 16320 | Lair:6   | Reached skill level 5 in Necromancy
 17038 | Lair:6   | Identified Sif Muna's Disquisition on Shape Shifting and
                  | Feathers (Sif Muna gifted it to you on level 6 of the Lair
                  | of Beasts)
 17038 | Lair:6   | Received a gift from Sif Muna
 17059 | Lair:6   | Found a large runed translucent door.
 17060 | Lair:6   | Found a large runed translucent door.
 17140 | Lair:6   | Got a faintly glowing turquoise ring
 17145 | Lair:6   | Identified the ring "Hifial Jaixo" {Dex+4 Stlth-} (You
                  | found it on level 6 of the Lair of Beasts)
 17815 | D:11     | Killed Urug
 18156 | D:12     | Noticed Kirke
 18174 | D:12     | Killed Kirke
 19002 | D:13     | Identified Sif Muna's Tome of Earthen Feathers (Sif Muna
                  | gifted it to you on level 13 of the Dungeon)
 19002 | D:13     | Received a gift from Sif Muna
 19013 | D:13     | Learned a level 6 spell: Deflect Missiles
 19251 | D:13     | Reached XP level 15. HP: 71/88 MP: 15/34
 19589 | D:13     | Found a gate to the Vaults.
 20060 | D:14     | Noticed Louise
 20076 | D:14     | Killed Louise
 20076 | D:14     | Reached skill level 10 in Necromancy
 20350 | D:15     | Entered Level 15 of the Dungeon
 20535 | D:15     | Noticed Agnes
 20842 | D:15     | Found a staircase to the Depths.
 20945 | D:15     | Killed Agnes
 21113 | D:15     | Identified Sif Muna's Grimoire of the Ghastly Oath (Sif
                  | Muna gifted it to you on level 15 of the Dungeon)
 21113 | D:15     | Received a gift from Sif Muna
 21114 | D:15     | Reached skill level 10 in Fire Magic
 21996 | Lair:3   | Killed Rupert
 22158 | Shoals:1 | Entered Level 1 of the Shoals
 22379 | Shoals:1 | Learned a level 1 spell: Flame Tongue
 22387 | Shoals:1 | Learned a level 7 spell: Orb of Destruction
 22458 | Shoals:1 | Reached skill level 15 in Spellcasting
 22613 | Shoals:1 | Reached skill level 15 in Conjurations
 22926 | Shoals:2 | Received a gift from Sif Muna
 22982 | Shoals:2 | Reached XP level 16. HP: 62/93 MP: 30/37
 23258 | Shoals:2 | Reached XP level 17. HP: 97/97 MP: 34/38
 23652 | Shoals:4 | Entered Level 4 of the Shoals
 24135 | Shoals:4 | Got a barnacled rune of Zot
 24339 | Shoals:4 | Noticed Polyphemus
 24354 | Shoals:4 | Killed Polyphemus
 24413 | Shoals:4 | Got a slimy whip
 24482 | Shoals:4 | Noticed Ilsuiw
 24499 | Shoals:4 | Killed Ilsuiw
 24612 | Shoals:4 | Reached skill level 15 in Fire Magic
 24659 | Shoals:4 | Reached skill level 16 in Conjurations
 24743 | Shoals:4 | Identified Sif Muna's Handbook of the Unstable Blaze (Sif
                  | Muna gifted it to you on level 4 of the Shoals)
 24743 | Shoals:4 | Received a gift from Sif Muna
 25028 | Lair:2   | Identified the +5 whip "Jurr" {holy, rElec} (You found it
                  | on level 4 of the Shoals)
 25082 | Spider:1 | Entered Level 1 of the Spider Nest
 25672 | Spider:3 | Reached XP level 18. HP: 89/103 MP: 14/40
 25705 | Spider:3 | Reached skill level 5 in Stealth
 26256 | Spider:3 | Identified Jympex's Handbook of Envenoming and the Rocks
                  | (Sif Muna gifted it to you on level 3 of the Spider Nest)
 26256 | Spider:3 | Received a gift from Sif Muna
 26521 | Spider:3 | Noticed Azrael
 26526 | Spider:3 | Killed Azrael
 26635 | Spider:2 | Got an iridescent dagger
 26703 | Spider:4 | Entered Level 4 of the Spider Nest
 27179 | Spider:4 | Reached skill level 17 in Conjurations
 27252 | Spider:4 | Reached skill level 10 in Invocations
 27464 | Spider:4 | Identified Sif Muna's Reference Book on Boosts (Sif Muna
                  | gifted it to you on level 4 of the Spider Nest)
 27464 | Spider:4 | Received a gift from Sif Muna
 28426 | Spider:4 | Got a gossamer rune of Zot
 28621 | Lair:2   | Upgraded the game from 0.24-a0-769-g368c1644f8 to
                  | 0.24-a0-778-g74da537585
 28621 | Lair:2   | Identified the +5 dagger of the Valley of Death {drain,
                  | Dex+4} (You found it on level 2 of the Spider Nest)
 28769 | D:13     | Reached skill level 18 in Conjurations
 28803 | Vaults:1 | Entered Level 1 of the Vaults
 29120 | Vaults:1 | Learned a level 9 spell: Fire Storm
 29318 | Vaults:2 | Identified Sif Muna's Compendium of Doomed Bewitchment (Sif
                  | Muna gifted it to you on level 2 of the Vaults)
 29318 | Vaults:2 | Received a gift from Sif Muna
 29371 | Vaults:1 | Reached XP level 19. HP: 107/107 MP: 21/41
 30116 | Vaults:2 | Found Socw's Jewellery Shoppe.
 30135 | Vaults:2 | Found Nos Pese's General Store.
 30332 | Vaults:1 | Reached skill level 19 in Conjurations
 30558 | Vaults:2 | Upgraded the game from 0.24-a0-778-g74da537585 to
                  | 0.24-a0-779-g36f0aeb843
 30653 | Vaults:2 | Identified Sif Muna's Almanac of the Snowflakes and
                  | Contamination (Sif Muna gifted it to you on level 2 of the
                  | Vaults)
 30653 | Vaults:2 | Received a gift from Sif Muna
 30871 | Vaults:2 | Found Qacryip's Weapon Boutique.
 31057 | Vaults:2 | Paralysed by a vampire knight for 2 turns
 31077 | Vaults:2 | Found a staircase to the Crypt.
 31187 | Vaults:2 | Found Luthruron's Magic Scroll Emporium.
 31748 | Vaults:2 | Found Gamugu's Armour Shop.
 32054 | Vaults:3 | Reached skill level 20 in Conjurations
 32169 | Vaults:3 | Reached XP level 20. HP: 90/112 MP: 31/42
 32307 | Vaults:3 | Identified Sif Muna's Tome of Dislocated Attacks (Sif Muna
                  | gifted it to you on level 3 of the Vaults)
 32307 | Vaults:3 | Received a gift from Sif Muna
 32446 | Vaults:3 | Killed from afar by a fire giant

Levels and vault maps discovered:
D:1:      minmay_arrival_semitransparent, layout_basic, serial_park_tiny_1
D:2:      layout_loops_ring, okawaru_altar_gauntlet_db, serial_bayou_pond_d,
          minivault_19
D:3:      layout_loops_ring, chequers_jeans, minmay_door_square,
          uniq_crazy_yiuf_cottage
D:4:      layout_basic, lightli_temple_of_fire, first_ration, serial_shops,
          shop_fountains, makhleb_heckhound_becter, uniq_ijyb, uniq_grinder,
          uniq_eustachio
D:5:      layout_loops_corners, nicolae_overflow_hidden_temple,
          eat_drink_and_be_merry_uskayaw, nicolae_tso_swordbearing_angel
D:6:      layout_cave_pools, kennysheep_ying_yang, serial_shops, shop,
          uniq_duvessa
D:7:      layout_cave_pools, minmay_temple_entry_arrows, serial_gnoll_camp,
          gnoll_camp_mini_sergeant, gnoll_camp_mini_loothouse,
          gnoll_camp_mini_house, gnoll_camp_mini_shop, gnoll_camp_mini_hut,
          gnoll_camp_mini_doghouse, serial_shops,
          nicolae_shop_overgrown_old_shop, uniq_menkaure
D:8:      layout_loops_ring
D:9:      layout_basic, lemuel_doored_altar, orc_0_dummy, hangedman_minor_magic,
          uniq_grum
D:10:     layout_stronghold, due_lair_maze_entry_diamond
D:11:     minmay_diamond_stairs, layout_basic, uniq_urug
D:12:     layout_irregular_city, minivault_11, minivault_16, grunt_pizzeria,
          kb_rosetta, uniq_kirke
D:13:     layout_long_grid, david_vaults_4
D:14:     layout_irregular_city, uniq_louise
D:15:     grunt_enter_depths_hoard, layout_basic, minmay_misc_feat_rows,
          eino_house_with_fridge, uniq_agnes
Temple:   nicolae_temple_x_marks_the_god
Lair:1:   layout_chaotic_city, gauntlet_entry_generic, kennysheep_rathole,
          lemuel_fruit_fields
Lair:2:   layout_chaotic_city, portal_ice_cave_entry_pillars_1
Lair:3:   layout_roguey, spider_nest_entry_webs, grunt_megastairs_1, uniq_sonja,
          uniq_rupert
Lair:4:   layout_gridlike, minmay_shoals_entry_lonely_mermaid, bh_chokoban,
          fungi_pond_lemuel
Lair:5:   layout_roguey, dpeg_slime_entry_enclosed_altar,
          minmay_lair_oklob_chamber, grunt_megastairs_5
Lair:6:   cheibrodos_lair_end_hotspot, layout_regular_city
Shoals:1: layout_shoals
Shoals:2: layout_shoals, nicolae_shoals_dead_sea_scrolls
Shoals:3: layout_shoals
Shoals:4: shoals_end_grunt_ice, layout_shoals, shoals_ilsuiw_ice, kb_tengu_band,
          uniq_polyphemus
Spider:1: layout_spider_delve
Spider:2: layout_spider_delve, drop_trap
Spider:3: layout_spider_delve, uniq_azrael
Spider:4: floodkiller_spider_rune_tomb
Orc:1:    layout_caves, serial_shops, shop,
          nicolae_shop_competitors_out_of_business, shop_fountains
Orc:2:    st_orc_town, layout_caves, basic_altar, david_defended_altar_orc
Vaults:1: nicolae_vaults_border_crossing, v_misc_30, vaults_room_fancy_cross,
          vaults_room_pools, vaults_mumra_hexcomb,
          nicolae_vaults_mini_display_case, nicolae_vaults_rhombus_7, v_misc_9,
          layout_vaults_omnigrid
Vaults:2: vaults_mumra_minichess_inversion, minmay_crypt_entry_vampire_xt,
          dpeg_vaults_monster_box, v_misc_14, v_misc_25,
          hangedman_vaults_stitches, nicolae_vaults_inception_statues,
          ontoclasm_vaults_idyll, vaults_room_hallway, hangedman_vaults_cutoff,
          nicolae_vaults_ring_of_whatevers, ontoclasm_vaults_loading_screen,
          ontoclasm_vaults_chip, layout_vaults_big_cross, serial_shops,
          nicolae_shop_trees, shop_statue, shop, shop, shop
Vaults:3: vaults_room_hallway, hangedman_vaults_slice, hangedman_vaults_stagger,
          vaults_room_ringed_pool, v_rooms_6, ontoclasm_vaults_loading_screen,
          vaults_mumra_chevron, nicolae_vaults_diagonal_hallway_7, v_misc_27,
          hangedman_vaults_trim, v_rooms_6, ontoclasm_vaults_shuriken,
          nicolae_vaults_halls_meeting, layout_vaults_omnibox, uniq_jory
Vaults:4: nicolae_vaults_ninety_degrees, nicolae_vaults_what_the_h, v_rooms_4,
          v_alt_pattern_3, vaults_mumra_chevron_long, v_rooms_2,
          vaults_room_grid, layout_vaults_maze_bifur

Skill      XL: |  1  2  3  4  5  6  7  8  9 10 11 12 13 14 15 16 17 18 19 |
---------------+----------------------------------------------------------+-----
Conjurations   | 5 6 7 9 11 12 13 14 15 16 18 20 | 20.4
Spellcasting   | 4 5 6 7 9 10 12 13 15 16 | 16.0
Dodging        | 5 6 7 8 9 |  9.1
Translocations | 1 |  1.5
Fighting       | 1 2 3 4 5 6 8 |  8.0
Stealth        | 3 4 6 |  6.0
Shields        | 2 4 |  4.0
Fire Magic     | 3 6 8 11 13 15 17 19 | 19.7
Invocations    | 3 7 8 9 10 | 10.0
Ice Magic      | 4 8 |  8.6
Air Magic      | 2 5 |  5.0
Charms         | 1 6 7 8 |  8.0
Necromancy     | 4 9 10 | 10.0

Action                   |  1- 3 |  4- 6 |  7- 9 | 10-12 | 13-15 | 16-18 | 19-21 || total
-------------------------+-------+-------+-------+-------+-------+-------+-------++-------
Melee: Dagger            |     4 |    13 |    67 |   122 |    52 |       |       ||   258
       Quarterstaff      |       |       |     3 |       |       |       |       ||     3
 Cast: Magic Dart        |    68 |    46 |    87 |    56 |   448 |   327 |   165 ||  1197
       Searing Ray       |     4 |    13 |    50 |    34 |       |       |       ||   101
       Fulminant Prism   |       |       |    27 |    11 |       |       |       ||    38
       Force Lance       |       |       |    11 |    23 |    75 |   173 |   107 ||   389
       Iskenderun's Myst |       |       |    12 |    32 |    31 |    35 |     6 ||   116
       Sticky Flame      |       |       |       |   137 |    53 |       |       ||   190
       Conjure Flame     |       |       |       |    11 |    19 |       |       ||    30
       Fireball          |       |       |       |    14 |       |       |       ||    14
       Iskenderun's Batt |       |       |       |     6 |   171 |   146 |    69 ||   392
       Regeneration      |       |       |       |     6 |   157 |   190 |    84 ||   437
       Freezing Cloud    |       |       |       |     3 |   123 |    91 |    77 ||   294
       Sublimation of Bl |       |       |       |       |   257 |   339 |   184 ||   780
       Blink             |       |       |       |       |     7 |     5 |     3 ||    15
       Deflect Missiles  |       |       |       |       |     3 |       |     2 ||     5
       Orb of Destructio |       |       |       |       |     2 |    80 |    41 ||   123
       Fire Storm        |       |       |       |       |       |       |     3 ||     3
Invok: Channel Magic     |       |       |       |     2 |     7 |     9 |     7 ||    25
Evoke: Wand              |       |     9 |     5 |     2 |       |       |       ||    16
  Use: Scroll            |       |       |    10 |    15 |    11 |    12 |     3 ||    51
       Potion            |       |       |       |     4 |     1 |     3 |     1 ||     9
 Stab: Sleeping          |     2 |     1 |     2 |     2 |       |       |       ||     7
       Paralysed         |       |     4 |       |     3 |       |       |       ||     7
  Eat: Chunk             |     2 |     4 |    17 |    37 |    74 |    64 |    35 ||   233
       Ration            |       |       |       |       |       |     1 |       ||     1
Armor: Robe              |     2 |     2 |    19 |    48 |    30 |    25 |     3 ||   129
Dodge: Dodged            |    16 |    19 |   132 |   306 |   243 |   137 |    70 ||   923
       Deflected         |       |       |       |       |    12 |    19 |    18 ||    49
Block: Buckler           |       |       |       |    53 |    61 |    37 |    17 ||   168

Table legend:
 A = Non-vault XP
 B = Vault XP
 C = Vault XP percentage of total XP
 D = Non-vault monster count
 E = Vault monster count
 F = Vault count percentage of total count
                 A         B        C        D         E       F
            +---------+---------+-------+---------+---------+-------
      Total |  247043 |  188033 |  43.2 |     927 |     436 |  32.0
            +---------+---------+-------+---------+---------+-------
        D:1 |      32 |       0 |   0.0 |      20 |       0 |   0.0
        D:2 |      21 |      12 |  36.4 |      12 |       6 |  33.3
        D:3 |     504 |      41 |   7.5 |      31 |       1 |   3.1
        D:4 |     619 |     274 |  30.7 |      26 |       3 |  10.3
        D:5 |     941 |       0 |   0.0 |      29 |       0 |   0.0
        D:6 |    1165 |     230 |  16.5 |      20 |       2 |   9.1
        D:7 |     621 |     756 |  54.9 |      11 |      19 |  63.3
        D:8 |    3920 |       0 |   0.0 |      39 |       0 |   0.0
        D:9 |    2672 |    1864 |  41.1 |      32 |      16 |  33.3
       D:10 |    1923 |    1020 |  34.7 |      21 |       9 |  30.0
       D:11 |    3512 |    2166 |  38.1 |      23 |       7 |  23.3
       D:12 |    4429 |    4754 |  51.8 |      33 |       9 |  21.4
       D:13 |    7209 |    1183 |  14.1 |      21 |       2 |   8.7
       D:14 |    2894 |    1601 |  35.6 |      14 |       1 |   6.7
       D:15 |   14250 |    4988 |  25.9 |      39 |      15 |  27.8
     Lair:1 |    3652 |     163 |   4.3 |      16 |      10 |  38.5
     Lair:2 |    2229 |       0 |   0.0 |      11 |       0 |   0.0
     Lair:3 |    7230 |    4649 |  39.1 |      27 |       6 |  18.2
     Lair:4 |    8250 |     466 |   5.3 |      40 |       1 |   2.4
     Lair:5 |    4562 |    3127 |  40.7 |      17 |       8 |  32.0
     Lair:6 |   10643 |    7386 |  41.0 |      39 |      26 |  40.0
   Shoals:1 |   16004 |       0 |   0.0 |      34 |       0 |   0.0
   Shoals:2 |    7345 |       0 |   0.0 |      16 |       0 |   0.0
   Shoals:3 |    6392 |       0 |   0.0 |      13 |       0 |   0.0
   Shoals:4 |   10314 |   39062 |  79.1 |      21 |      55 |  72.4
   Spider:1 |    8920 |       0 |   0.0 |      25 |       0 |   0.0
   Spider:2 |    4184 |       0 |   0.0 |      12 |       0 |   0.0
   Spider:3 |   16555 |    1800 |   9.8 |      44 |       5 |  10.2
   Spider:4 |   17052 |   37784 |  68.9 |      56 |      71 |  55.9
      Orc:1 |    1179 |       0 |   0.0 |      10 |       0 |   0.0
      Orc:2 |    4123 |    7998 |  66.0 |      25 |      59 |  70.2
   Vaults:1 |   35984 |   14877 |  29.3 |      65 |      20 |  23.5
   Vaults:2 |   24596 |   20635 |  45.6 |      56 |      31 |  35.6
   Vaults:3 |   13117 |   25344 |  65.9 |      29 |      31 |  51.7
      IceCv |       0 |    5225 | 100.0 |       0 |      20 | 100.0
   Gauntlet |       0 |     628 | 100.0 |       0 |       3 | 100.0
            +---------+---------+-------+---------+---------+-------
